 Dungeon Crawl Stone Soup version 0.26.1-11-gd32895ea62 (webtiles) character file.

Game seed: 5342144261058155246

26 porpoise the Stinger (level 3, -3/25 HPs)
             Began as a Halfling Wanderer on July 19, 2021.
             Slain by a worm (8 damage)
             ... on level 2 of the Dungeon.
             The game lasted 00:03:49 (1559 turns).

porpoise the Stinger (Halfling Wanderer)            Turns: 1559, Time: 00:03:51

Health: -3/25      AC:  6    Str: 11    XL:     3   Next: 22%
Magic:  0/4        EV: 11    Int:  9    God:
Gold:   22         SH:  0    Dex: 17    Spells: 3/4 levels left

rFire    + . .     SeeInvis .   a - +0 dagger
rCold    . . .     Faith    .   (shield restricted)
rNeg     . . .     Spirit   .   g - +0 ring mail
rPois    .         Reflect  .   (no helmet)
rElec    .         Harm     .   (no cloak)
rCorr    .         Rampage  .   (no gloves)
Will     .....                  c - +0 pair of boots
Stlth    ++........             (no amulet)
HPRegen  0.08/turn              f - ring of protection from fire
MPRegen  0.09/turn              (no ring)

@: very slightly contaminated
A: small, mutation resistance 1
a: no special abilities


You were on level 2 of the Dungeon.
You visited 1 branch of the dungeon, and saw 2 of its levels.

You collected 22 gold pieces.

Inventory:

Hand Weapons
 a - a +0 dagger (weapon)
Missiles
 e - 19 stones
Armour
 c - a +0 pair of boots (worn)
 g - a +0 ring mail (worn)
Jewellery
 f - a ring of protection from fire (left hand)
Scrolls
 h - a scroll of fog {unknown}
 i - 2 scrolls of teleportation {unknown}
 j - a scroll of identify {unknown}
Potions
 b - a potion of lignification
 d - a potion of flight {unknown}


   Skills:
 + Level 2.3 Fighting
 - Level 1.0 Long Blades
 - Level 1.0 Throwing
 - Level 3.2 Stealth
 - Level 1.0 Spellcasting
 - Level 4.0 Poison Magic


You had 3 spell levels left.
You knew the following spells:

 Your Spells              Type           Power        Failure   Level
a - Sting                 Tmut/Pois      16%          36%         1

Your spell library contained the following spells:

 Spells                   Type           Power        Failure   Level
 Poisonous Vapours        Pois/Air       8%           52%         2
 Corona                   Hex            0%           65%         1
 Ensorcelled Hibernation  Hex/Ice        0%           80%         2
 Ignite Poison            Fire/Tmut/Pois 2%           85%         3
 Mephitic Cloud           Conj/Pois/Air  2%           85%         3
 Confusing Touch          Hex            0%           95%         3
 Dazzling Flash           Conj/Hex       0%           95%         3
 Tukima's Dance           Hex            0%           95%         3
 Olgreb's Toxic Radiance  Pois           7%           86%         4


Dungeon Overview and Level Annotations

Branches:
Dungeon (2/15)

Altars:


Innate Abilities, Weirdness & Mutations

You are small and have problems with some larger weapons.
You are somewhat resistant to further mutation.


Message History

The worm is severely wounded.
You barely miss the worm.
The worm is severely wounded.
The worm bites you.
You completely miss the worm.
The worm is heavily wounded.
You hit the worm.
The worm is severely wounded.
The worm bites you!
* * * LOW HITPOINT WARNING * * *
Casting: Sting (safe; 36% risk of failure)
Confirm with . or Enter, or press ? or * to list all spells.
Aiming: Sting (safe; 36% risk of failure)
Press: ? - help, Shift-Dir - straight line, f/p - worm
Aim: a worm (heavily wounded, 12% to evade)
The sting hits the worm but does no damage.
The worm is poisoned.
The worm is heavily wounded.
The worm bites you!
You die...

##.#.####.#####....#####...#
#.###..............# ##.##
##.#.####.###......# #.# ##.##
#.# ##...### #.# #.#####.# ##.##
####.##### #.......# #.#
#........# #.####### #.#
#.##.###.# #)# ##'## #......).#
#.# #.@.# #........# #.###
#.w...# #........# #.#.##
#.......# #........#
####....####.........##........#
...........+.........+.........#
####....####.........##........#
#.#.## ##.......######..####
#.### ##.....## ##.# #..# #.#


You could see a worm (poisoned).

Vanquished Creatures
  A leopard gecko (D:2)
  2 giant cockroaches (D:1)
  4 hobgoblins
  A quokka (D:2)
  4 bats
  A frilled lizard (D:1)
  5 goblins
  2 kobolds
  3 rats (D:1)
23 creatures vanquished.

Notes
Turn   | Place    | Note
-------+----------+-------------------------------------------
     0 | D:1      | porpoise the Halfling Wanderer began the quest for the Orb.
     0 | D:1      | porpoise set off with the following items: a +0 dagger, a
                  | potion of lignification, a +0 robe; and the following spell
                  | memorised: Sting; and the following spells available to
                  | memorise: Poisonous Vapours, Ignite Poison, Mephitic Cloud,
                  | Olgreb's Toxic Radiance
     0 | D:1      | Reached XP level 1. HP: 11/11 MP: 2/2
   188 | D:1      | Reached skill level 1 in Fighting
   231 | D:1      | Reached XP level 2. HP: 16/18 MP: 3/3
   986 | D:2      | Reached XP level 3. HP: 15/24 MP: 4/4
  1559 | D:2      | Slain by a worm

Illustrated notes

Levels and vault maps discovered:
D:1:      amcnicky_arrival_double_pillar, layout_basic, minmay_misc_feat_roman
D:2:      layout_loops_corners, nicolae_overflow_hidden_temple, uniq_sigmund

Skill      XL: |  1  2 |
---------------+-------+-----
Fighting       | 1 2 |  2.3
Long Blades    | |  1.0
Throwing       | |  1.0
Stealth        | |  3.2
Spellcasting   | |  1.0
Poison Magic   | |  4.0

Action                   || total
-------------------------++-------
Melee: Dagger            ||   132
 Cast: Sting             ||     2
 Stab: Sleeping          ||     1
Armor: Leather armour    ||     9
       Ring mail         ||    22
Dodge: Dodged            ||    67
